Map: Old Republic LE

Players

LiquidClem (Clem) - Winner!

  • Race: Terran Terran
  • Spawn Location: 1:00

herO

  • Race: Protoss Protoss
  • Spawn Location: 7:00

VOD

Have the link to the VOD?

Description

Time

  • Played on: Nov. 18, 2025, 10:33 p.m.
  • Length: 18:17
Show
View Real Time Build Order
Export as new Build Order

LiquidClem Terran - Winner!

Build Orders:  

Get SALT Encoding   

  12  0:00  SCV  
  13  0:12  SCV  
  14  0:17  Supply Depot  
  14  0:24  SCV  
  15  0:29  Refinery  
  15  0:38  SCV  
  16  0:45  Barracks  
  16  0:51  SCV  
  17  1:03  SCV  
  18  1:04  Engineering Bay  
  18  1:16  SCV  
  19  1:32  Reaper, Orbital Command  
  20  1:39  Supply Depot  
  20  1:51  Factory  
  20  1:59  SCV  
  21  2:07  Barracks Reactor  
  21  2:11  SCV  
  22  2:17  Command Center  
  22  2:23  SCV  
  23  2:35  Hellion, SCV  
  26  2:44  Starport  
  26  2:46  Marine x2  
  26  2:48  SCV  
  29  2:52  Supply Depot  
  29  2:56  Refinery  
  29  2:58  Factory Tech Lab  
  29  3:02  SCV  
  29  3:04  Marine  
  31  3:13  Marine  
  31  3:16  SCV  
  33  3:22  Marine  
  33  3:26  Medivac  
  36  3:30  Orbital Command  
  36  3:31  Marine, SCV  
  36  3:34  Widow Mine  
  40  3:43  SCV  
  40  3:46  Marine  
  42  3:49  Marine  
  42  3:52  Supply Depot  
  42  3:55  SCV  
  44  4:00  Orbital Command  
  44  4:03  Liberator  
  44  4:07  SCV  
  44  4:08  Marine  
  48  4:10  Barracks, Marine  
  49  4:19  SCV  
  49  4:20  Siege Tank  
  53  4:26  Supply Depot  
  53  4:28  SCV  
  53  4:31  Marine x2  
  54  4:36  SCV  
  57  4:40  SCV  
  57  4:43  Bunker  
  56  4:48  SCV  
  56  4:50  Marine x2  
  56  4:52  SCV  
  58  4:54  Siege Tank, Starport Tech Lab  
  58  4:59  Marine  
  62  5:00  Supply Depot, SCV  
  62  5:04  SCV  
  64  5:09  Barracks  
  64  5:11  Engineering Bay  
  64  5:13  SCV  
  65  5:17  SCV  
  66  5:21  Viking  
  66  5:23  Supply Depot, Marine x2  
  66  5:26  Refinery  
  70  5:28  Stimpack  
  70  5:29  Marine  
  70  5:30  SCV  
  70  5:32  SCV  
  73  5:36  Supply Depot  
  73  5:39  Terran Infantry Weapons Level 1  
  73  5:42  Supply Depot, Marine  
  73  5:43  Marine  
  73  5:47  Marine  
  73  5:48  SCV  
  77  5:52  SCV  
  78  6:00  SCV  
  79  6:05  Marauder, SCV  
  79  6:09  Factory Reactor  
  79  6:10  Refinery, Marine x2  
  84  6:13  Combat Shield  
  84  6:14  Marauder  
  84  6:18  Command Center  
  84  6:20  Supply Depot  
  84  6:22  Viking  
  86  6:27  SCV  
  86  6:28  SCV  
  86  6:30  Missile Turret  
  88  6:36  Marine x2  
  88  6:37  Marauder  
  92  6:43  Supply Depot, SCV x2  
  94  6:49  Marauder  
  96  6:56  SCV  
  96  6:57  Factory Reactor  
  96  7:01  Barracks x2  
  97  7:05  Marauder, Marine x2  
  97  7:07  Medivac  
  103  7:09  Medivac  
  105  7:16  Supply Depot  
  105  7:18  SCV  
  105  7:19  SCV  
  105  7:21  Marauder  
  101  7:25  Marine  
  97  7:30  SCV  
  97  7:32  Orbital Command  
  99  7:37  Widow Mine x2  
  99  7:39  Marine  
  99  7:41  Viking  
  99  7:43  Viking  
  104  7:46  Marauder  
  104  7:51  Marine  
  106  7:53  Barracks Tech Lab x2  
  106  7:54  Marauder  
  109  7:58  Marine  
  109  8:05  Widow Mine x2  
  113  8:07  Marauder, Terran Infantry Armor Level 1  
  113  8:09  Marine, SCV x2  
  113  8:12  Orbital Command  
  118  8:15  Viking  
  118  8:16  Supply Depot, Marine  
  118  8:17  Missile Turret  
  118  8:18  Viking  
  123  8:21  Marauder  
  123  8:23  Marauder  
  123  8:25  SCV  
  128  8:28  Marine  
  128  8:32  Supply Depot, SCV  
  132  8:34  Marauder  
  132  8:37  Marine, Marauder, SCV  
  132  8:38  SCV  
  132  8:41  Supply Depot  
  137  8:43  Marauder  
  137  8:45  Viking  
  141  8:51  Concussive Shells  
  141  8:53  Viking  
  141  8:54  SCV x3  
  146  8:57  Supply Depot  
  146  8:58  Marauder, Supply Depot  
  148  9:03  Marauder x2  
  152  9:10  Command Center, Marine x2  
  152  9:12  Marauder  
  152  9:16  Supply Depot  
  156  9:20  Marauder  
  156  9:23  Viking  
  160  9:24  Armory  
  160  9:26  Viking  
  160  9:28  Engineering Bay  
  160  9:29  Marauder x2  
  160  9:30  Marine  
  160  9:31  Marine  
  167  9:36  Starport  
  167  9:39  Marauder  
  167  9:41  Marauder  
  167  9:42  Barracks  
  167  9:44  Barracks  
  171  9:47  Supply Depot  
  171  9:48  Barracks  
  171  9:50  Marine x2  
  173  9:54  Marauder x2  
  173  9:57  Supply Depot  
  173  9:59  Medivac  
  179  10:00  Medivac  
  179  10:02  Supply Depot  
  181  10:08  SCV x3  
  181  10:11  Terran Infantry Armor Level 2, Terran Infantry Weapons Level 2  
  184  10:18  Missile Turret, Marine  
  184  10:19  Marine  
  184  10:20  SCV  
  177  10:22  Sensor Tower  
  177  10:23  Refinery  
  177  10:24  Refinery  
  177  10:27  Ghost Academy, SCV x2  
  179  10:30  Marauder  
  181  10:37  Medivac  
  181  10:38  Marauder  
  181  10:41  Marine x2  
  181  10:42  Viking x2  
  186  10:49  Refinery x2  
  184  10:51  Viking  
  184  10:56  Marauder  
  170  10:57  Barracks Tech Lab  
  170  10:58  Barracks Tech Lab, Barracks Reactor  
  170  11:00  SCV x3  
  174  11:07  Marine x2  
  172  11:12  SCV  
  172  11:14  Marauder  
  172  11:16  Viking  
  166  11:21  Marauder  
  166  11:23  Marauder, Marine  
  161  11:31  Marine x2  
  161  11:32  Ghost  
  159  11:33  Medivac, Marauder  
  159  11:34  Medivac  
  159  11:35  SCV  
  159  11:36  Planetary Fortress, SCV  
  159  11:38  Marine x2  
  169  11:40  Ghost  
  169  11:44  SCV  
  172  11:48  SCV x2  
  172  11:49  Ghost  
  172  11:51  Marauder  
  172  11:52  Marine  
  179  11:55  Ghost, Marine  
  179  11:56  SCV  
  179  11:57  Marine x2  
  179  12:00  SCV  
  183  12:02  Viking  
  183  12:03  Ghost  
  175  12:10  Marauder  
  175  12:11  Marine  
  175  12:12  Marauder, Marine  
  175  12:13  SCV  
  175  12:14  SCV  
  169  12:15  SCV  
  169  12:16  SCV  
  169  12:18  Marine  
  169  12:19  Marine  
  173  12:23  Marauder  
  173  12:25  Marine x2  
  173  12:27  SCV  
  173  12:29  Medivac  
  172  12:30  Marine  
  172  12:31  Marauder, SCV  
  172  12:33  Refinery  
  174  12:38  Terran Infantry Weapons Level 3  
  174  12:39  Terran Infantry Armor Level 3  
  174  12:40  Marine x2  
  178  12:44  Marauder x2  
  178  12:47  Medivac  
  178  12:48  Marine  
  175  12:51  Marine  
  175  12:52  Marauder  
  175  12:53  Marauder  
  175  12:54  Marauder  
  175  12:56  Marauder  
  184  13:01  Marine  
  184  13:03  Marine  
  184  13:05  Medivac  
  188  13:07  Marine  
  188  13:08  Marauder  
  181  13:13  Marauder  
  181  13:14  Marine  
  181  13:15  Marauder  
  181  13:19  Command Center  
  186  13:22  Sensor Tower, Marine x2  
  188  13:29  Terran Ship Weapons Level 1  
  188  13:30  Ghost x2, Marine  
  193  13:35  Medivac  
  193  13:36  Medivac  
  193  13:39  Ghost  
  198  13:46  Viking  
  198  13:47  Viking, Marine x2  
  195  13:49  Marauder  
  195  13:52  Marauder  
  195  13:55  Marine  
  200  13:57  Fusion Core  
  200  14:14  Fusion Core  
  199  14:17  Starport  
  199  14:20  Command Center  
  198  14:28  Marine  
  195  14:33  Liberator  
  198  14:43  Command Center  
  198  14:53  Marine x2  
  198  14:57  Refinery, Sensor Tower  
  198  14:58  Missile Turret  
  200  15:06  Marauder  
  198  15:07  Refinery  
  198  15:08  Marauder  
  198  15:11  Advanced Ballistics  
  198  15:13  Medivac  
  200  15:21  Planetary Fortress  
  199  15:33  Orbital Command, Sensor Tower  
  199  15:37  Marine  
  199  15:38  Command Center, Marauder  
  199  15:39  Ghost  
  199  15:40  SCV  
  199  15:41  SCV  
  200  15:53  Command Center  
  200  15:55  Starport Reactor  
  200  16:08  Command Center  
  200  16:10  Command Center x2  
  200  16:23  Caduceus Reactor  
  196  16:26  Liberator  
  196  16:27  Liberator  
  184  16:40  Liberator  
  184  16:42  Ghost  
  184  16:43  Liberator  
  184  16:44  Liberator x2  
  198  16:51  Ghost  
  198  16:52  Marauder  
  198  16:53  Ghost  
  192  16:57  Orbital Command  
  188  17:19  Ghost  
  188  17:23  Marine  
  188  17:24  Marine  
  188  17:25  Liberator x3  
  188  17:27  Orbital Command  
  188  17:28  Orbital Command  
  188  17:29  Orbital Command  
  199  17:47  Unknown  
  199  17:48  Sensor Tower  
  199  17:49  Missile Turret  
  198  17:53  Marauder  
  198  17:54  Marine  
  198  17:55  Marine  
Show
View Real Time Build Order
Export as new Build Order

herO Protoss 

Build Orders: 1 Gate Expand, Colossus Rush 

Get SALT Encoding   

  12  0:00  Probe  
  13  0:12  Probe  
  14  0:17  Pylon  
  14  0:23  Probe  
  15  0:31  Probe  
  16  0:36  Gateway  
  16  0:39  Probe  
  16  0:46  Assimilator  
  17  0:51  Probe  
  18  1:03  Probe  
  19  1:15  Probe  
  20  1:26  Cybernetics Core  
  20  1:34  Nexus  
  20  1:38  Pylon  
  20  1:41  Probe  
  20  1:46  Assimilator  
  21  1:52  Adept  
  21  1:53  Probe  
  22  2:02  Warp Gate  
  22  2:05  Probe  
  25  2:17  Probe  
  25  2:19  Stalker  
  28  2:29  Twilight Council, Probe  
  29  2:41  Probe  
  29  2:43  Probe  
  30  2:46  Stalker  
  30  2:47  Charge  
  33  2:51  Probe  
  33  2:54  Probe  
  35  3:00  Pylon  
  35  3:01  Probe  
  35  3:06  Probe  
  36  3:19  Stalker  
  38  3:22  Gateway  
  38  3:23  Gateway  
  38  3:26  Probe  
  39  3:32  Shield Battery  
  40  3:34  Probe  
  40  3:38  Probe  
  41  3:47  Pylon  
  41  3:50  Probe x2  
  43  3:59  Stalker  
  43  4:02  Robotics Facility, Probe  
  46  4:05  Probe  
  46  4:09  Pylon  
  47  4:14  Probe  
  48  4:17  Probe  
  48  4:18  Zealot x2  
  48  4:23  Assimilator  
  53  4:27  Probe  
  53  4:29  Probe, Zealot  
  57  4:36  Pylon  
  56  4:41  Stalker x2  
  56  4:44  Probe x2  
  58  4:46  Warp Prism  
  58  4:52  Zealot  
  62  5:05  Probe  
  63  5:10  Forge  
  63  5:11  Robotics Bay  
  61  5:18  Probe  
  61  5:19  Probe  
  63  5:22  Observer  
  63  5:28  Zealot  
  66  5:31  Blink  
  66  5:43  Nexus  
  66  5:44  Zealot x2  
  66  5:47  Pylon  
  68  5:50  Stalker  
  68  5:54  Colossus  
  70  6:05  Probe x2  
  77  6:17  Protoss Ground Weapons Level 1, Probe  
  78  6:20  Gateway  
  78  6:22  Pylon  
  78  6:24  Gateway  
  78  6:26  Pylon  
  78  6:32  Extended Thermal Lance  
  78  6:38  Colossus  
  78  6:40  Pylon, Probe x2  
  80  6:49  Probe  
  80  6:50  Probe  
  80  6:52  Probe  
  88  6:58  Probe x2  
  88  7:00  Probe  
  88  7:01  Zealot x3  
  95  7:07  Pylon  
  98  7:08  Probe x2  
  98  7:10  Probe  
  95  7:29  Probe x3  
  88  7:32  Stalker x4  
  93  7:41  Probe x3  
  96  7:45  Nexus  
  96  7:47  Pylon  
  87  7:53  Probe x3  
  87  7:56  Protoss Ground Weapons Level 2, Stalker  
  87  8:04  Colossus  
  92  8:05  Probe x2  
  92  8:07  Probe  
  95  8:13  Probe  
  95  8:14  Probe  
  95  8:15  Probe  
  98  8:22  Sentry  
  98  8:23  Probe x2  
  98  8:25  Probe  
  102  8:31  Zealot x2  
  107  8:35  Probe x2  
  107  8:37  Probe  
  107  8:41  Zealot x2  
  114  8:45  Gateway  
  114  8:48  Probe  
  114  8:49  Probe x2  
  114  8:51  Colossus  
  114  8:52  Shield Battery  
  114  8:53  Pylon  
  117  9:01  Probe  
  124  9:06  Probe  
  124  9:07  Probe  
  126  9:11  Zealot x3  
  126  9:16  Stalker x2  
  136  9:19  Probe  
  136  9:20  Probe x2  
  139  9:30  Templar Archives  
  139  9:34  Gateway x2  
  139  9:39  Probe  
  139  9:40  Zealot x4  
  148  9:49  Pylon, Zealot x2  
  152  9:54  Immortal  
  152  10:02  Pylon  
  156  10:07  Pylon  
  156  10:09  Pylon  
  156  10:11  Nexus, High Templar  
  158  10:17  Zealot x3  
  164  10:22  High Templar  
  164  10:24  Immortal  
  164  10:26  Archon, Zealot  
  168  10:29  Gateway  
  168  10:30  Gateway  
  168  10:31  Gateway, Protoss Ground Weapons Level 3  
  168  10:32  Gateway  
  170  10:45  Zealot x6  
  170  10:48  Pylon  
  180  10:50  Pylon  
  180  10:51  Gateway  
  160  10:59  Zealot x2  
  164  11:05  Immortal  
  158  11:12  Zealot x6  
  150  11:33  Zealot x3  
  150  11:34  Zealot x9  
  150  11:37  Immortal  
  178  11:47  Sentry  
  180  11:56  Zealot x10  
  180  11:58  Colossus  
  170  12:13  Zealot x3  
  146  12:19  Zealot x6  
  154  12:25  Zealot x3  
  154  12:26  Zealot  
  144  12:33  Robotics Facility  
  142  12:39  Zealot x6  
  142  12:43  Sentry  
  156  12:45  Colossus, Zealot x2  
  152  12:54  Zealot  
  152  12:55  Zealot x3  
  160  13:01  Protoss Ground Armor Level 1  
  160  13:03  Zealot x3  
  146  13:15  Zealot x7  
  152  13:25  Sentry, Zealot  
  152  13:26  Zealot x3  
  162  13:31  Probe x3  
  165  13:34  Probe  
  165  13:36  Warp Prism, Disruptor  
  162  13:51  Zealot x9  
  172  14:00  Disruptor  
  172  14:01  Disruptor  
  172  14:08  Pylon, Nexus, Probe x3  
  172  14:09  Probe x2  
  183  14:21  Zealot x6  
  191  14:27  Disruptor  
  173  14:38  Probe x5  
  175  14:42  Zealot x7  
  175  14:43  Disruptor, Zealot x2  
  178  14:56  Zealot x3  
  178  14:57  Zealot  
  182  15:02  Zealot x7  
  182  15:06  Disruptor  
  190  15:11  Disruptor  
  180  15:34  Protoss Ground Armor Level 2  
  170  15:40  Zealot x13  
  186  15:52  Assimilator  
  186  15:53  Assimilator  
  186  15:55  Photon Cannon, Probe x4  
  186  15:56  Shield Battery  
  188  16:06  Zealot x6  
  200  16:11  Photon Cannon  
  200  16:12  Photon Cannon  
  200  16:13  Pylon  
  200  16:16  Nexus  
  200  16:22  Pylon  
  200  16:25  Disruptor x2  
  172  16:43  Zealot x13  
  186  16:55  Disruptor  
  186  17:00  Photon Cannon, Shield Battery  
  190  17:03  Assimilator  
  190  17:08  Colossus  
  168  17:18  Nexus, Zealot x13  
  164  17:30  Pylon  
  164  17:32  Nexus  
  164  17:34  Warp Prism  
  164  17:40  Pylon  
  164  17:41  Assimilator, Stalker x6  
  178  17:44  Zealot x3  
  170  17:53  Zealot x3  
  118  18:08  Zealot x5  
  118  18:10  Stalker x3  
  118  18:11  Stalker  
Tags
 
Add a new tag
Caveats
  • Supply blocks, unpowered buildings, or Contaminate may cause inaccurate times.
  • Supply counts are checked every 10 seconds.